 Dungeon Crawl Stone Soup version 0.17.1-3-g152610e (webtiles) character file.

119 MrTails the Shield-Bearer (level 5, -3/33 HPs)
             Began as a Gargoyle Fighter on Feb 24, 2016.
             Slain by BLOAX's ghost (10 damage)
             ... on level 3 of the Dungeon.
             The game lasted 00:02:16 (1704 turns).

MrTails the Shield-Bearer (Gargoyle Fighter)        Turns: 1704, Time: 00:02:16

Health: -3/33      AC: 11    Str: 20    XL:     5   Next: 3%
Magic:  5/5        EV:  7    Int:  9    God:
Gold:   138        SH:  9    Dex:  9    Spells: 0 memorised, 4 levels left

rFire  . . .     SeeInvis .     a - +0 war axe
rCold  . . .     Clarity  .     b - +0 scale mail
rNeg   + . .     SustAt   .     c - +0 shield
rPois  ∞         Gourm    .     (no helmet)
rElec  +         Spirit   .     (no cloak)
rCorr  .         Warding  .     (no gloves)
rMut   .         Stasis   .     (no boots)
MR     .....                    (no amulet)
Stlth  ..........               (no ring)
                                (no ring)

@: not resistant to hostile enchantments, extremely unstealthy
A: negative energy resistance 1, electricity resistance, unbreathing,
petrification resistance, rot immunity, AC +4
a: no special abilities


You were on level 3 of the Dungeon.
You were not hungry.

You visited 1 branch of the dungeon, and saw 3 of its levels.

You collected 138 gold pieces.

Inventory:

Hand Weapons
 a - a +0 war axe (weapon)
Armour
 b - a +0 scale mail (worn)
 c - a +0 shield (worn)
Jewellery
 f - an uncursed ring of stealth {unknown}
Wands
 q - a wand of paralysis (15)
Scrolls
 g - 2 scrolls of identify {unknown}
 h - a scroll of amnesia {unknown}
 j - 3 scrolls of remove curse {unknown}
 m - a scroll of fear {unknown}
Potions
 d - a potion of might
 i - a potion of magic {unknown}
 l - 3 potions of curing {unknown}
 n - a potion of mutation {unknown}
 o - 2 potions of invisibility {unknown}
Comestibles
 e - 3 bread rations
 k - a fruit
 p - 3 chunks of flesh


   Skills:
 + Level 3.9 Fighting
 * Level 3.1 Axes
 + Level 3.9 Armour
 + Level 4.1 Shields


You had 4 spell levels left.
You didn't know any spells.

Dungeon Overview and Level Annotations

Branches:
Dungeon (3/15)

Altars:
Cheibriados
The Shining One

Annotations:
D:3 BLOAX's ghost, amateur MiFi


Innate Abilities, Weirdness & Mutations

You are resistant to torment.
Your stone body is resilient (AC +4).
You are immune to poison.
You resist negative energy.
You are resistant to electric shocks.
You can survive without breathing.
You are immune to petrification.
You are immune to rotting.


Message History

BLOAX's ghost (amateur Minotaur Fighter) comes into view.
BLOAX's ghost is nearby!
BLOAX's ghost is nearby!
BLOAX's ghost turns its malevolent gaze towards you.
BLOAX's ghost hits you.
You hit BLOAX's ghost but do no damage. You block BLOAX's ghost's attack.
You slash BLOAX's ghost!
BLOAX's ghost is lightly damaged.
BLOAX's ghost barely misses you. BLOAX's ghost hits you!
* * * LOW HITPOINT WARNING * * *
You barely miss BLOAX's ghost.
BLOAX's ghost is lightly damaged.
BLOAX's ghost hits you but does no damage.
You hit BLOAX's ghost.
BLOAX's ghost is moderately damaged.
BLOAX's ghost closely misses you. BLOAX's ghost barely misses you.
You hit BLOAX's ghost.
BLOAX's ghost is moderately damaged.
BLOAX's ghost hits you!
You die...

#...# ....### #...#
#........≈≈ #...#
#...>....≈≈ ##.##
#........≈≈ #.#
#........≈≈ #.#
#........≈≈
#.#####.........P
#.............#..
#..####..@W.....#
#..######.##.#..#
#.....#
#.##.#..###..>
#.###.#
#.##.....#.... #.#
#.###.##.........
#.#
#..##.##.......# #.
##.##.##......# #.
#..#.##......# #.#
#.
##....#......###..#


You could see BLOAX's ghost.

Vanquished Creatures
  4 adders
  A worm (D:2)
  2 giant geckos
  4 orcs (D:3)
  4 ball pythons
  8 bats
  9 hobgoblins
  8 jackals
  A quokka (D:3)
  3 giant cockroaches
  2 giant newts
  11 goblins
  6 kobolds
  5 rats (D:1)
68 creatures vanquished.

Notes
Turn   | Place    | Note
--------------------------------------------------------------
     0 | D:1      | MrTails the Gargoyle Fighter began the quest for the Orb.
     0 | D:1      | Reached XP level 1. HP: 14/14 MP: 1/1
    92 | D:1      | Found a snail-covered altar of Cheibriados.
   144 | D:1      | Reached XP level 2. HP: 19/19 MP: 2/2
   312 | D:1      | Reached XP level 3. HP: 18/23 MP: 3/3
   840 | D:2      | Reached skill level 4 in Shields
   882 | D:2      | Reached XP level 4. HP: 26/29 MP: 4/4
   896 | D:2      | Found a glowing golden altar of the Shining One.
  1631 | D:3      | Reached XP level 5. HP: 23/33 MP: 5/5
  1697 | D:3      | Noticed BLOAX's ghost (amateur MiFi)
  1704 | D:3      | Slain by BLOAX's ghost

Action                   |  1- 3 |  4- 6 || total
-------------------------+-------+-------++-------
Melee: War axe           |   123 |   101 ||   224
  Eat: Fruit             |       |     2 ||     2
       Chunk             |       |     1 ||     1
